 Dungeon Crawl Stone Soup version 0.32-a0-732-ga344392067 (webtiles) character file.

Game seed: 11353330611977110141

23 Aldia the Caller (level 2, 0/13 HPs)
             Began as a Felid Summoner on Mar 16, 2024.
             Slain by a quokka (2 damage)
             ... on level 2 of the Dungeon.
             The game lasted 00:02:30 (901 turns).

Aldia the Caller (Felid Summoner)                    Turns: 901, Time: 00:02:31

Health: 0/13       AC:  1    Str:  4    XL:     2   Next: 72%
Magic:  3/6        EV: 16    Int: 18    God:
Gold:   77         SH:  0    Dex: 16    Spells: 3/6 levels left
                                        Lives:  0   Deaths: 1

rFire   . . .        (weapon unavailable)
rCold   . . .        (shield unavailable)
rNeg    . . .        (body armour unavailable)
rPois   .            (helmet unavailable)
rElec   .            (cloak unavailable)
rCorr   .            (gloves unavailable)
SInv    +            (boots unavailable)
Will    .....        (no amulet)
Stlth   ++           (no ring)
HPRegen 0.22/turn    (no ring)
MPRegen 0.10/turn

%: no passive effects
@: no status effects
A: very small, claws 1, fangs 3, see invisible, shaggy fur 1, stealthy paws, no
weapons or thrown items, no armour, multi-lived
a: no special abilities


You were on level 2 of the Dungeon.
You visited 1 branch of the dungeon, and saw 2 of its levels.

You collected 77 gold pieces.

Inventory:

Jewellery
 g - a ring of wizardry
Scrolls
 b - 2 scrolls of identify {unknown}
 f - a scroll of teleportation {unknown}
Potions
 a - a potion of magic
 c - a potion of brilliance {unknown}
 d - a potion of mutation {unknown}
 e - a potion of curing {unknown}


   Skills:
 - Level 2.6 Dodging
 - Level 2.6 Stealth
 + Level 2.6 Spellcasting
 + Level 4.4 Summonings


You had 3 spell levels left.
You knew the following spells:

 Your Spells              Type           Power      Damage    Failure   Level
a - Summon Small Mammal   Summ           72%        N/A       2%          1
b - Call Imp              Summ           36%        N/A       4%          2

Your spell library contained the following spells:

 Spells                   Type           Power      Damage    Failure   Level
 Call Canine Familiar     Summ           18%        N/A       9%          3
 Summon Blazeheart Golem  Fire/Summ      10%        N/A       56%         4
 Summon Lightning Spire   Summ/Air       10%        N/A       56%         4
 Orb of Destruction       Conj           1%         9d5       100%        7
 Spellforged Servitor     Conj/Summ      5%         N/A       100%        7


Dungeon Overview and Level Annotations

Branches:
Dungeon (2/15)

Altars:


Innate Abilities, Weirdness & Mutations

You have sharp claws.
You have razor-sharp teeth.
You have supernaturally acute eyesight. (SInv)
You are covered in fur. (AC +1)
Your paws help you pounce on unaware monsters.
You are incapable of wielding weapons or throwing items.
You cannot wear armour.
You gain extra lives every three experience levels.


Message History

Unknown command.
You are too injured to fight recklessly!
Unknown command.
You are too injured to fight recklessly!
You are too injured to fight recklessly!
Your bat hits the quokka but does no damage.
The quokka completely misses your bat. The hobgoblin misses you.
A kobold comes into view. It is wielding a +0 dagger.
Your bat barely misses the quokka.
Your quokka bites the quokka.
Found 17 gold pieces.
The quokka bites your quokka.
Your quokka barely misses the hobgoblin.
Your bat closely misses the quokka.
Unknown command.
Casting: Summon Small Mammal (safe; 2% risk of failure)
Confirm with . or Enter, or press ? or * to list all spells.
The kobold shouts!
You hear an angry hiss.
Your quokka disappears in a puff of smoke!
Your bat hits the quokka but does no damage.
The quokka completely misses your bat. The hobgoblin closely misses you.
Unknown command.
Unknown command.
You are too injured to fight recklessly!
You are too injured to fight recklessly!
You scratch the hobgoblin but do no damage.
The hobgoblin is lightly wounded.
Your bat barely misses the quokka.
Your bat hits the quokka but does no damage.
The hobgoblin misses you.
Your rat barely misses the quokka.
You scratch the hobgoblin.
The hobgoblin is heavily wounded.
Your bat barely misses the quokka.
The quokka bites you.
* * * LOW HITPOINT WARNING * * *
The hobgoblin closely misses you.
Your bat hits the hobgoblin but does no damage.
Your rat closely misses the quokka.
You catch the helpless hobgoblin completely off-guard!
You scratch the hobgoblin.
You kill the hobgoblin!
The quokka bites you.
You die...

...$ .......# ....
......<# .K..
#......# #$.
##......#
####..###.......#
.................#
.................#
#.......@........#
#..(....?r.......#
#........rb###.###
..........# #
.###....### #....#
.# ########....#
#.# ....<.r#....#
#.# #......# #.#


You could see a quokka (ally target), a kobold, a friendly bat (summoned) and a
friendly rat (summoned).

Vanquished Creatures
  An endoplasm (D:1)
  A goblin (D:1)
  A hobgoblin (D:2)
  A kobold (D:2)
  A quokka (D:1)
  A ball python (D:1)
  4 bats (D:1)
  2 rats
12 creatures vanquished.

Vanquished Creatures (collateral kills)
  2 endoplasms
  A goblin (D:1)
  2 hobgoblins
  2 kobolds (D:1)
  2 ball pythons (D:1)
9 creatures vanquished.

Grand Total: 21 creatures vanquished

Notes
Turn   | Place    | Note
-------+----------+-------------------------------------------
     0 | D:1      | Aldia the Felid Summoner began the quest for the Orb.
     0 | D:1      | Reached XP level 1. HP: 9/9 MP: 4/4
   308 | D:1      | Reached XP level 2. HP: 13/13 MP: 0/6
   314 | D:1      | Learned a level 2 spell: Call Imp
   507 | D:1      | Found a faded altar of an unknown god.
   829 | D:2      | Slain by an adder
   829 | D:2      | Lost a life (0 lives remaining)
   901 | D:2      | Slain by a quokka

Illustrated notes

Levels and vault maps discovered:
D:1:      kennysheep_arrival_forest, layout_basic,
          hellmonk_ecumenical_altar_slurped_away, minmay_tetromino_l4
D:2:      layout_rooms, grunt_ministairs_15, serial_bayou_pond_c, uniq_natasha

Action                     || total
---------------------------++-------
  Melee: Unarmed           ||    27
         Bite              ||     5
   Cast: Summon Small Mamm ||    34
   Stab: Sleeping          ||     4
         Distracted        ||     1
 Armour: Skin              ||    19
  Dodge: Dodged            ||    41

Table legend: (Time is in decaauts)
 A = Elapsed time spent in this place.
 B = Non-inter-level travel time spent in this place.
 C = Inter-level travel time spent in this place.
 D = Time resting spent in this place.
 E = Time spent auto-exploring this place.
 F = Levels seen in this place.
 G = Mean time per level.
                   A        B        C        D        E       F      G
               +--------+--------+--------+--------+--------+-----+--------+
         Total |    900 |    874 |     26 |      0 |    654 |   2 |  450.0 |
       Dungeon |    900 |    874 |     26 |      0 |    654 |   2 |  450.0 |
               +--------+--------+--------+--------+--------+-----+--------+

Top non-repeatable levels by time:
     D:1: 709 daAuts
     D:2: 191 daAuts
